 Dungeon Crawl Stone Soup version 0.23-a0-350-g6fd5563 (webtiles) character file.

107 Loudmushroom the Shield-Bearer (level 4, -7/29 HPs)
             Began as a Gargoyle Fighter on Oct 20, 2018.
             Blown up by an orc (21 damage)
             ... with a wand of disintegration (12)
             ... on level 3 of the Dungeon.
             The game lasted 00:07:43 (1911 turns).

Loudmushroom the Shield-Bearer (Gargoyle Fighter)   Turns: 1911, Time: 00:07:44

Health: -7/29      AC: 10    Str: 21    XL:     4   Next: 85%
Magic:  4/4        EV:  7    Int:  8    God:
Gold:   144        SH:  9    Dex:  9    Spells: 3/3 levels left

rFire    . . .     SeeInvis .   a - +0 war axe
rCold    . . .     Gourm    .   c - +0 shield
rNeg     + . .     Faith    .   b - +0 scale mail
rPois    ∞         Spirit   .   (no helmet)
rElec    +         Reflect  .   (no cloak)
rCorr    .         Harm     .   (no gloves)
MR       .....                  (no boots)
Stlth    ..........             (no amulet)
HPRegen  0.09/turn              (no ring)
MPRegen  0.09/turn              (no ring)

@: no status effects
A: negative energy resistance 1, electricity resistance, unbreathing,
petrification resistance, rot immunity, AC +3
a: no special abilities


You were on level 3 of the Dungeon.
You were hungry.

You visited 1 branch of the dungeon, and saw 3 of its levels.

You collected 144 gold pieces.

Inventory:

Hand Weapons
 a - a +0 war axe (weapon)
 g - a +0 flail
 m - a +1 hand axe of flaming
Missiles
 e - 88 stones (quivered)
 h - 20 poisoned needles
Armour
 b - a +0 scale mail (worn)
 c - a +0 shield (worn)
Jewellery
 p - an uncursed amulet of faith {unknown}
Scrolls
 j - 2 scrolls of teleportation {unknown}
 k - 2 scrolls of enchant weapon {unknown}
 l - 4 scrolls of identify {unknown}
 r - a scroll of remove curse {unknown}
 s - a scroll of noise {unknown}
Potions
 d - a potion of might
 i - a potion of resistance {unknown}
 n - a potion of brilliance {unknown}
 o - a potion of lignification {unknown}
 q - a potion of haste {unknown}
Comestibles
 f - 7 rations
 u - 5 chunks of flesh


   Skills:
 + Level 3.9 Fighting
 * Level 3.1 Axes
 + Level 3.9 Armour
 + Level 3.9 Shields


You had 3 spell levels left.
You didn't know any spells.
Your spell library was empty.

Dungeon Overview and Level Annotations

Branches:
Dungeon (3/15)

Altars:
Cheibriados
Kikubaaqudgha


Innate Abilities, Weirdness & Mutations

You are resistant to torment.
Your stone body is resilient. (AC +3)
You are immune to poison.
You resist negative energy. (rN+)
You are resistant to electric shocks. (rElec)
You can survive without breathing.
You are immune to petrification.
You are immune to rotting.


Message History

An orc comes into view. It is wielding a +0 mace.
The orc shouts!
You hear a shout!
The orc throws a tomahawk.
The tomahawk hits you but does no damage.
A kobold comes into view.
It is wielding a +1 whip of electrocution.
You hear a bark!
Found a robe.
You see here a tomahawk.
The kobold shouts!
You hit the quokka.
The quokka is almost dead.
You block the quokka's attack.
The orc throws a tomahawk.
The tomahawk hits you but does no damage.
The quokka bites you but does no damage.
You closely miss the quokka.
The quokka is almost dead.
The quokka bites you but does no damage.
The orc zaps a wand.
You are blasted!
Ouch! That really hurt!
You die...

..........[................
........#.##.#.#.#..... ..#
.....(..#.##.#.#.########.#
.#.##.###.##.#..........#.#
#. #. #.##.###.....##.#.# #
#. #.##.# #####.##.#.# ..
#.##.# #.##.#.# .
##.##o#######.##.#.#
+..(@rl............#
##.#############...# o[
#...# ..# #..... .. #.....
# #...l. #..... #.....
......


You could see 2 orcs, a leopard gecko and a quokka.

Vanquished Creatures
  An orc priest (D:2)
  An adder (D:2)
  2 worms (D:2)
  3 dart slugs
  4 leopard geckos
  4 orcs
  5 giant cockroaches
  9 hobgoblins
  4 bats
  2 frilled lizards
  7 kobolds
  7 rats
49 creatures vanquished.

Notes
Turn   | Place    | Note
-------+----------+-------------------------------------------
     0 | D:1      | Loudmushroom the Gargoyle Fighter began the quest for the
                  | Orb.
     0 | D:1      | Reached XP level 1. HP: 14/14 MP: 1/1
   166 | D:1      | Reached XP level 2. HP: 17/19 MP: 2/2
   459 | D:1      | Reached XP level 3. HP: 19/23 MP: 3/3
  1066 | D:2      | Reached XP level 4. HP: 17/29 MP: 4/4
  1328 | D:2      | Found a snail-covered altar of Cheibriados.
  1328 | D:2      | Found an ancient bone altar of Kikubaaqudgha.
  1480 | D:2      | HP: 1/29 [orc priest/+0 flail (1)]
  1911 | D:3      | Blown up by an orc

Vault maps used:
D:1:      eino_arrival_tree_alley, minivault_25
D:2:      gammafunk_temple_overflow_statue, first_ration

Skill      XL: |  1  2  3  4 |
---------------+-------------+-----
Axes           | 2 3 |  3.1
Fighting       | |  3.9
Armour         | |  3.9
Shields        | |  3.9

Action                   |  1- 3 |  4- 6 || total
-------------------------+-------+-------++-------
Melee: War axe           |   121 |    37 ||   158
  Eat: Chunk             |     1 |     2 ||     3
Armor: Scale mail        |    93 |    15 ||   108
Dodge: Dodged            |    62 |    10 ||    72
Block: Shield            |    99 |    11 ||   110

Table legend:
 A = Non-vault XP
 B = Vault XP
 C = Vault XP percentage of total XP
 D = Non-vault monster count
 E = Vault monster count
 F = Vault count percentage of total count
                 A         B        C        D         E       F
            +---------+---------+-------+---------+---------+-------
      Total |     153 |       0 |   0.0 |      49 |       0 |   0.0
            +---------+---------+-------+---------+---------+-------
        D:1 |      40 |       0 |   0.0 |      22 |       0 |   0.0
        D:2 |     101 |       0 |   0.0 |      22 |       0 |   0.0
        D:3 |      12 |       0 |   0.0 |       5 |       0 |   0.0
            +---------+---------+-------+---------+---------+-------
